 Dungeon Crawl Stone Soup version 0.25-b1-23-ge2ad7d536c (webtiles) character file.

Game seed: 1356357133550414319, levelgen mode: deterministic

23 Esekla the Stinger (level 3, -2/26 HPs)
             Began as a Barachi Venom Mage on June 1, 2020.
             Shot with an arrow by a centaur (15 damage)
             ... on level 2 of the Dungeon.
             The game lasted 00:07:04 (657 turns).

Esekla the Stinger (Barachi Venom Mage)              Turns: 657, Time: 00:07:05

Health: -2/26      AC:  2    Str:  9    XL:     3   Next: 0%
Magic:  7/7        EV: 12    Int: 16    God:
Gold:   9          SH:  0    Dex: 12    Spells: 4/7 levels left

rFire    . . .     SeeInvis .   g - +0 short sword
rCold    . . .     Gourm    .   (no shield)
rNeg     . . .     Faith    .   a - +0 robe
rPois    .         Spirit   .   (no helmet)
rElec    .         Reflect  .   (no cloak)
rCorr    .         Harm     .   (no gloves)
MR       .....                  (no boots)
Stlth    ++........             (no amulet)
HPRegen  0.08/turn              (no ring)
MPRegen  0.10/turn              (no ring)

@: slow
A: +LOS, swims, slowness 1, strong legs 1
a: Hop


You were on level 2 of the Dungeon.
You were not hungry.

You visited 1 branch of the dungeon, and saw 2 of its levels.

You collected 9 gold pieces.

Inventory:

Hand Weapons
 f - a +0 dagger
 g - a +0 short sword (weapon)
Armour
 a - a +0 robe (worn)
Jewellery
 l - an uncursed ring of fire
Scrolls
 d - a scroll of random uselessness {unknown}
 h - a scroll of blinking {unknown}
 i - a scroll of teleportation {unknown}
 j - a scroll of identify {unknown}
 k - a scroll of enchant armour {unknown}
Potions
 b - a potion of mutation {unknown}
 e - a potion of cancellation {unknown}
Comestibles
 c - 2 rations


   Skills:
 * Level 1.1 Fighting
 + Level 0.6 Short Blades
 + Level 2.4 Dodging
 - Level 1.7 Stealth
 * Level 2.8 Spellcasting
 - Level 1.1 Transmutations
 * Level 0.4 Air Magic
 - Level 3.2 Poison Magic


You had 4 spell levels left.
You knew the following spells:

 Your Spells              Type           Power        Failure   Level  Hunger
a - Sting                 Tmut/Pois      #...         8%          1    #......
v - Poisonous Vapours     Pois/Air       #.....       13%         2    ##.....

Your spell library contained the following spells:

 Spells                   Type           Power        Failure   Level  Hunger
 Ignite Poison            Fire/Tmut/Pois #.......     30%         3    ###....
 Mephitic Cloud           Conj/Pois/Air  #.......     34%         3    ###....
 Olgreb's Toxic Radiance  Pois           ##......     43%         4    #####..


Dungeon Overview and Level Annotations

Branches:
Dungeon (2/15)

Altars:


Innate Abilities, Weirdness & Mutations

You can be seen from farther away. (+LOS)
You can swim through water.
You cover ground slowly.
You can hop short distances.


Message History

You now have 9 gold pieces.
l - a glowing iron ring You feel more attuned to fire.
l - a ring of fire (left hand)
You remove your ring of fire.
You see here a leopard gecko corpse.
There is a stone staircase leading down here.
You climb downwards.
An ooze, a goblin, a kobold and a centaur come into view.
The centaur shouts!
The ooze quivers.
The kobold shouts!
The centaur wields a +0 shortbow.
The centaur shoots an arrow.
The arrow hits you! The ooze hits you.
Found seven items.
There is a stone staircase leading up here.
You see here an arrow.
The centaur shoots an arrow.
The arrow hits you!
Ouch! That really hurt!
You die...

... .... . ....#
.. ...... ...
...... g...
....... .....
.......####......
................#
.......J@........
...).............
#..K..........###
#.............#??
#.............#$!
#....c........#?(
#.............###
#......!...$.....
#....#####.......


You could see a centaur, an ooze, a goblin (asleep) and a kobold.

Vanquished Creatures
  A dart slug (D:1)
  A leopard gecko (D:1)
  3 bats (D:1)
  2 giant cockroaches (D:2)
  6 hobgoblins (D:1)
  2 jackals (D:1)
  A kobold (D:1)
  A rat (D:1)
17 creatures vanquished.

Notes
Turn   | Place    | Note
-------+----------+-------------------------------------------
     0 | D:1      | Esekla the Barachi Venom Mage began the quest for the Orb.
     0 | D:1      | Reached XP level 1. HP: 13/13 MP: 3/3
   208 | D:1      | Reached XP level 2. HP: 20/20 MP: 3/5
   223 | D:1      | Learned a level 2 spell: Poisonous Vapours
   462 | D:1      | Reached skill level 1 in Fighting
   609 | D:1      | Reached XP level 3. HP: 22/26 MP: 4/7
   656 | D:2      | Noticed a centaur
   657 | D:2      | Shot with an arrow by a centaur

Illustrated notes

Levels and vault maps discovered:
D:1:      onia_arrival_mini_maze_b, layout_basic
D:2:      layout_basic, nicolae_overflow_crystal_walls, first_ration,
          serial_glass, glass_columns_a, glass_columns_a, due_unseen_surprise,
          minmay_strange_pillars

Skill      XL: |  1  2 |
---------------+-------+-----
Fighting       | 1 |  1.1
Short Blades   | |  0.6
Dodging        | |  2.4
Stealth        | |  1.7
Spellcasting   | |  2.8
Transmutations | |  1.1
Air Magic      | |  0.4
Poison Magic   | |  3.2

Action                   || total
-------------------------++-------
Melee: Dagger            ||     9
       Unarmed           ||     1
       Short sword       ||    25
 Cast: Sting             ||     7
       Poisonous Vapours ||     9
 Abil: Hop               ||     1
 Stab: Sleeping          ||     1
Armor: Robe              ||     9
Dodge: Dodged            ||    36
